 Dungeon Crawl Stone Soup version 0.22.0-38-g04b72b8 (webtiles) character file.

760 Lew the Chopper (level 7, -3/63 HPs)
             Began as a Hill Orc Monk on Aug 28, 2018.
             Slain by an ogre
             ... wielding a +0 giant spiked club
              (15 damage)
             ... on level 5 of the Dungeon.
             The game lasted 00:16:12 (6670 turns).

Lew the Chopper (Hill Orc Monk)                     Turns: 6670, Time: 00:16:12

Health: -3/63      AC:  9    Str: 16    XL:     7   Next: 80%
Magic:  7/7        EV: 12    Int: 10    God:
Gold:   109        SH:  0    Dex: 13    Spells: 6/6 levels left

rFire    . . .     SeeInvis .   a - +0 hand axe
rCold    + . .     Gourm    .   (no shield)
rNeg     . . .     Faith    .   e - +2 ring mail
rPois    .         Spirit   .   f - +0 helmet
rElec    .         Reflect  .   (no cloak)
rCorr    .         Harm     .   (no gloves)
MR       .....                  (no boots)
Stlth    +.........             (no amulet)
HPRegen  0.20/turn              g - ring of flight
MPRegen  0.10/turn              j - ring of protection from cold

@: hasted, very quick
A: no striking features
a: Evoke Flight


You were on level 5 of the Dungeon.
You were near starving.

You visited 1 branch of the dungeon, and saw 5 of its levels.

You collected 212 gold pieces.
You spent 103 gold pieces at shops.

Inventory:

Hand Weapons
 a - a +0 hand axe (weapon)
Armour
 e - a +2 ring mail (worn)
 f - a +0 helmet (worn)
Jewellery
 b - an uncursed ring of magical power {unknown}
 d - an uncursed ring of ice
 g - a ring of flight (left hand)
 j - a ring of protection from cold (right hand)
Wands
 h - a wand of iceblast (10)
Comestibles
 c - 3 rations


   Skills:
 + Level 6.2 Fighting
 + Level 6.8 Axes
 + Level 4.3 Armour
 + Level 4.1 Dodging
 - Level 1.5 Stealth


You had 6 spell levels left.
You didn't know any spells.
Your spell library was empty.

Dungeon Overview and Level Annotations

Branches:
Dungeon (5/15)
 Temple: D:4-7

Altars:
Cheibriados
Fedhas
Hepliaklqana
Kikubaaqudgha
Okawaru
Sif Muna

Shops:
D:4 *

Annotations:
D:4 1 runed door, Menkaure


Message History

You closely miss Edmund.
Edmund is almost dead.
You closely miss Edmund.
Edmund is almost dead.
Edmund hits you with a flail of holy wrath!
* * * LOW HITPOINT WARNING * * *
You closely miss Edmund.
Edmund is almost dead.
Edmund hits you but does no damage.
You hit Edmund.
Edmund is almost dead.
Edmund hits you with a flail of holy wrath!
* * * LOW HITPOINT WARNING * * *
You hit Edmund.
You kill Edmund!
You aren't carrying any scrolls.
Unknown command.
You feel yourself speed up.
The ogre hits you with a giant spiked club!
You die...

#.....#...#........
#.....'...'........
#.....#...#........
#.....#...##.......
#.....#...##.......
#.....######.......
#.....+....#.......
#.O...#....#.......
#.@...#....#.......
#.....#....#.......
.......#.....'....#.......
#.......+.....#>..#########
#.......#.....##'##........
#.......#..................
#.......##'###.............
#.......##...#.............
#....>...<...#.............


You could see an ogre.

Vanquished Creatures
  Edmund (D:5)
  A bullfrog (D:5)
  A scorpion (D:4)
  A water moccasin skeleton (D:5)
  A hound (D:4)
  A jelly (D:3)
  Ijyb (D:4)
  3 worker ants (D:4)
  Robin (D:4)
  9 adders
  10 gnolls
  An ooze (D:1)
  3 worms
  2 dart slugs
  6 leopard geckos
  7 orcs
  10 bats
  7 giant cockroaches
  13 goblins
  7 hobgoblins
  12 jackals
  7 kobolds
  8 quokkas
  A ball python (D:2)
  2 frilled lizards
  A quokka skeleton (D:4)
  6 rats
  5 plants (D:3)
128 creatures vanquished.

Notes
Turn   | Place    | Note
-------+----------+-------------------------------------------
     0 | D:1      | Lew the Hill Orc Monk began the quest for the Orb.
     0 | D:1      | Reached XP level 1. HP: 19/19 MP: 1/1
   158 | D:1      | Reached XP level 2. HP: 25/27 MP: 2/2
   255 | D:1      | Reached skill level 1 in Armour
   885 | D:2      | Reached XP level 3. HP: 15/33 MP: 3/3
  1213 | D:2      | Reached XP level 4. HP: 40/40 MP: 4/4
  1556 | D:2      | Found a faded altar of an unknown god.
  1957 | D:2      | Found a blossoming altar of Fedhas.
  2102 | D:2      | Reached skill level 5 in Axes
  2141 | D:2      | Reached XP level 5. HP: 45/47 MP: 5/5
  2200 | D:2      | Found an iron altar of Okawaru.
  3483 | D:3      | Reached skill level 5 in Fighting
  3508 | D:3      | Found a hazy altar of Hepliaklqana.
  3542 | D:3      | Reached XP level 6. HP: 46/56 MP: 6/6
  4050 | D:3      | Found a deep blue altar of Sif Muna.
  4754 | D:4      | Found a deep blue altar of Sif Muna.
  4817 | D:4      | Noticed Ijyb
  4830 | D:4      | Killed Ijyb
  4858 | D:4      | Found Sorhalie's Assorted Antiques.
  4898 | D:4      | Bought a scroll labeled SIUPTU FEUFFU for 28 gold pieces
  4898 | D:4      | Bought a smoky red potion for 25 gold pieces
  4898 | D:4      | Bought a lumpy emerald potion for 25 gold pieces
  4898 | D:4      | Bought a pink potion for 25 gold pieces
  5015 | D:4      | Found a runed door.
  5071 | D:4      | Found an ancient bone altar of Kikubaaqudgha.
  5146 | D:4      | Noticed Robin
  5167 | D:4      | Killed Robin
  5167 | D:4      | Reached XP level 7. HP: 42/61 MP: 7/7
  5283 | D:4      | HP: 3/62 [poisoned by a scorpion]
  5291 | D:4      | HP: 3/62 [poisoned by a scorpion]
  5618 | D:4      | Noticed Menkaure
  6396 | D:5      | Entered Level 5 of the Dungeon
  6589 | D:5      | Noticed Edmund
  6591 | D:5      | Found a snail-covered altar of Cheibriados.
  6655 | D:5      | Killed Edmund
  6670 | D:5      | Slain by an ogre

Skill      XL: |  1  2  3  4  5  6  7 |
---------------+----------------------+-----
Armour         | 1 2 3 4 |  4.3
Fighting       | 4 5 6 |  6.2
Dodging        | 3 4 |  4.1
Axes           | 5 6 |  6.8
Stealth        | |  1.5

Action                   |  1- 3 |  4- 6 |  7- 9 || total
-------------------------+-------+-------+-------++-------
Melee: Hand axe          |   100 |    74 |   159 ||   333
       Flail             |     1 |   377 |       ||   378
  Use: Potion            |     1 |     6 |     1 ||     8
       Scroll            |       |    13 |     1 ||    14
 Stab: Sleeping          |     2 |     1 |       ||     3
  Eat: Ration            |     1 |     2 |     1 ||     4
       Chunk             |       |     4 |       ||     4
Armor: Robe              |    23 |     4 |       ||    27
       Ring mail         |       |   165 |    43 ||   208
Dodge: Dodged            |    88 |   276 |    89 ||   453
